 Dungeon Crawl Stone Soup version 0.19-a0-1834-g6b7851e (webtiles) character file.

277 Alarkh the Magician (level 6, 0/41 HPs)
             Began as a Mummy Fire Elementalist on Oct 9, 2016.
             Slain by a bullfrog skeleton (5 damage)
             ... on level 4 of the Dungeon.
             The game lasted 00:04:09 (2607 turns).

Alarkh the Magician (Mummy Fire Elementalist)       Turns: 2607, Time: 00:04:10

Health: 0/41       AC:  4    Str: 11    XL:     6   Next: 4%
Magic:  0/11       EV: 12    Int: 16    God:
Gold:   214        SH:  0    Dex: 13    Spells: 3 memorised, 4 levels left

rFire  x . .     SeeInvis +     k - +0 great sword
rCold  + . .     Gourm    .     a - +0 robe
rNeg   + + +     Faith    .     (shield currently unavailable)
rPois  ∞         Spirit   .     l - +0 helmet
rElec  .         Dismiss  .     (no cloak)
rCorr  .         Reflect  .     r - +0 pair of gloves
MR     .....     Harm     .     (no boots)
Stlth  ++........               (no amulet)
                                (no ring)
                                m - ring of see invisible

@: very slightly contaminated
A: no food or potions, fire vulnerability, cold resistance 1, negative energy
resistance 3, torment resistance, unbreathing
a: no special abilities


You were on level 4 of the Dungeon.
You were not hungry.

You visited 1 branch of the dungeon, and saw 4 of its levels.

You collected 214 gold pieces.

Inventory:

Hand Weapons
 j - a +0 falchion
 k - a +0 great sword (weapon)
Armour
 a - a +0 robe (worn)
 l - a +0 helmet (worn)
 r - a +0 pair of gloves (worn)
Jewellery
 m - a ring of see invisible (left hand)
Wands
 n - a wand of paralysis (12/24)
 p - a wand of paralysis (18/24)
Scrolls
 c - a scroll of amnesia
 d - 2 scrolls of fog
 e - 2 scrolls of identify
 f - a scroll of teleportation
 g - 3 scrolls of enchant armour
 h - 4 scrolls of remove curse
 i - 2 scrolls of enchant weapon
 o - a scroll of recharging
Books
 b - a book of Flames

   Spells                             Type                      Level
   a - Flame Tongue                   Conjuration/Fire             1
   b - Throw Flame                    Conjuration/Fire             2
   c - Conjure Flame                  Conjuration/Fire             3
   d - Inner Flame                    Hexes/Fire                   3
   e - Sticky Flame                   Conjuration/Fire             4
   f - Fireball                       Conjuration/Fire             5
 q - a book of Cantrips

   Spells                             Type                      Level
   a - Confusing Touch                Hexes                        1
   b - Animate Skeleton               Necromancy                   1
   c - Summon Small Mammal            Summoning                    1
   d - Apportation                    Translocation                1


   Skills:
 - Level 1.5 Dodging
 - Level 1.5 Stealth
 + Level 3.7 Spellcasting
 + Level 2.9 Conjurations
 + Level 3.7 Fire Magic


You had 4 spell levels left.
You knew the following spells:

 Your Spells              Type           Power        Failure   Level  Hunger
a - Flame Tongue          Conj/Fire      ##...        6%          1    N/A
c - Sticky Flame          Conj/Fire      ##......     50%         4    N/A
e - Conjure Flame         Conj/Fire      ##......     14%         3    N/A

Dungeon Overview and Level Annotations

Branches:
Dungeon (4/15)
 Temple: D:4-7

Altars:
Kikubaaqudgha
Nemelex Xobeh
Sif Muna


Innate Abilities, Weirdness & Mutations

You do not eat or drink.
Your flesh is vulnerable to fire.
You are immune to poison.
Your flesh is cold resistant. (rC+)
You are immune to negative energy. (rN+++)
You are immune to unholy pain and torment.
You can survive without breathing.


Message History

The bullfrog skeleton barely misses you.
The bullfrog skeleton misses you.
Casting: Flame Tongue
Confirm with . or Enter, or press ? or * to list all spells.
Aiming: Flame Tongue
Press: ? - help, Shift-Dir - straight line, f/p - bullfrog skeleton
Aim: a bullfrog skeleton (grey smoke, severely damaged)
The flame tongue hits the bullfrog skeleton.
The bullfrog skeleton is severely damaged.
The bullfrog skeleton barely misses you.
Casting: Flame Tongue
Confirm with . or Enter, or press ? or * to list all spells.
Aiming: Flame Tongue
Press: ? - help, Shift-Dir - straight line, f/p - bullfrog skeleton
Aim: a bullfrog skeleton (grey smoke, severely damaged)
The flame tongue hits the bullfrog skeleton.
The bullfrog skeleton is severely damaged.
The orc wizard shouts!
The bullfrog skeleton hits you.
You die...

.%..... #..#....P##
....... #.#.P.⌠...#
....o..########.#....P..##
.....o..........##_._._#P#
.............#########.P##
........###### #....#
#######[# #....#
####....############....#
........§§..oooZ@.......#
.....###############....#
##### #....# #....#
##.#### #..# ##.## #..# ##
#.##


You could see 3 orc wizards and a bullfrog skeleton.

Vanquished Creatures
  Sigmund (D:2)
  6 adders
  An ooze (D:3)
  2 worms (D:2)
  3 leopard geckos
  2 ball pythons
  3 giant cockroaches
  4 goblins
  3 hobgoblins
  7 jackals
  3 bats
  5 frilled lizards
  A kobold (D:2)
  A quokka skeleton (D:4)
  6 rats
48 creatures vanquished.

Notes
Turn   | Place    | Note
-------+----------+-------------------------------------------
     0 | D:1      | Alarkh the Mummy Fire Elementalist began the quest for the Orb.
     0 | D:1      | Reached XP level 1. HP: 13/13 MP: 3/3
   314 | D:1      | Reached skill level 1 in Conjurations
   551 | D:1      | Reached XP level 2. HP: 19/19 MP: 0/5
   937 | D:2      | Reached XP level 3. HP: 16/24 MP: 0/6
  1607 | D:2      | Noticed Sigmund
  1621 | D:2      | Reached XP level 4. HP: 30/30 MP: 4/8
  1631 | D:1      | Learned a level 3 spell: Conjure Flame
  1636 | D:1      | Learned a level 4 spell: Sticky Flame
  1661 | D:2      | Killed Sigmund
  1661 | D:2      | Reached XP level 5. HP: 19/35 MP: 2/10
  2098 | D:3      | Reached XP level 6. HP: 39/41 MP: 1/11
  2539 | D:4      | Found an ancient bone altar of Kikubaaqudgha.
  2558 | D:4      | Found a sparkling altar of Nemelex Xobeh.
  2558 | D:4      | Found a deep blue altar of Sif Muna.
  2607 | D:4      | Slain by a bullfrog skeleton

Vault maps used:
D:1:      dpeg_arrival_shelter
D:2:      first_bread, uniq_sigmund
D:4:      gammafunk_temple_overflow_forgotten, nicolae_ru_sacrificial_ziggurat

Skill      XL: |  1  2  3  4 |
---------------+-------------+-----
Conjurations   | 1 2 |  2.9
Spellcasting   | 3 |  3.7
Fire Magic     | 3 |  3.7
Dodging        | |  1.5
Stealth        | |  1.5

Action                   |  1- 3 |  4- 6 || total
-------------------------+-------+-------++-------
Melee: Unarmed           |    13 |     1 ||    14
       Great sword       |       |     1 ||     1
 Cast: Flame Tongue      |    66 |    42 ||   108
  Use: Scroll            |     5 |     3 ||     8
Armor: Robe              |    19 |     4 ||    23
Dodge: Dodged            |    60 |    25 ||    85
       Rpst.: Falchion   |       |     1 ||     1
       Great sword       |       |     3 ||     3
